TOP OF THE 1ST |
Illinois Fighting Illini batting - Pitching for Utah Utes : RHP Ramón Caro
|
Pitching: RHP Ramón Caro
|
|
Batting: RHB Chris Carr
|
0-0: Foul Ball, location: 2F 0-1: Ball 1-1: Fly out, F9 (Flyball, 9S)
|
Batting: RHB Fernando Núñez
|
0-0: Called Strike 0-1: Called Strike 0-2: Ball 1-2: Strikes out swinging
|
Batting: RHB Jesús Vélez
|
0-0: Ball 1-0: Foul Ball, location: 2F 1-1: Ball 2-1: Swinging Strike 2-2: Strikes out swinging
|
Top of the 1st over - 0 run(s), 0 hit(s), 0 error(s), 0 left on base; Illinois 0 - Utah 0 |
BOTTOM OF THE 1ST |
Utah Utes batting - Pitching for Illinois Fighting Illini : RHP Leonard Clements
|
Pitching: RHP Leonard Clements
|
|
Batting: RHB Steve Welch
|
0-0: Ball 1-0: Swinging Strike 1-1: Called Strike 1-2: Strikes out swinging
|
Batting: LHB Robby Bland
|
0-0: Ball 1-0: Called Strike 1-1: Ball 2-1: Called Strike 2-2: Strikes out swinging
|
Batting: SHB John May
|
0-0: Called Strike 0-1: Foul Ball, location: 2F 0-2: Ball 1-2: Strikes out swinging
|
Bottom of the 1st over - 0 run(s), 0 hit(s), 0 error(s), 0 left on base; Illinois 0 - Utah 0 |
TOP OF THE 2ND |
Illinois Fighting Illini batting - Pitching for Utah Utes : RHP Ramón Caro
|
Batting: RHB Weldon Lott
|
0-0: Called Strike 0-1: Swinging Strike 0-2: Ball 1-2: Strikes out looking
|
Batting: RHB Harold Allen
|
0-0: Hit by Pitch
|
Batting: RHB Rod Damerell
|
0-0: Ball 1-0: Ball 2-0: Grounds into double play, 5-4-3 (Groundball, 5)
|
Top of the 2nd over - 0 run(s), 0 hit(s), 0 error(s), 0 left on base; Illinois 0 - Utah 0 |
BOTTOM OF THE 2ND |
Utah Utes batting - Pitching for Illinois Fighting Illini : RHP Leonard Clements
|
Batting: RHB Randy Banks
|
0-0: Fly out, F9 (Flyball, 9)
|
Batting: RHB Anthony O'Bryan
|
0-0: Ground out 6-3 (Groundball, 56)
|
Batting: SHB Carlos Mesa
|
0-0: Ball 1-0: Fly out, F7 (Flyball, 78M)
|
Bottom of the 2nd over - 0 run(s), 0 hit(s), 0 error(s), 0 left on base; Illinois 0 - Utah 0 |
TOP OF THE 3RD |
Illinois Fighting Illini batting - Pitching for Utah Utes : RHP Ramón Caro
|
Batting: RHB Robert Lancaster
|
0-0: Called Strike 0-1: Ball 1-1: Swinging Strike 1-2: Strikes out swinging
|
Batting: SHB Robbie Robertson
|
0-0: Fly out, F8 (Flyball, 8LM)
|
Batting: RHB Jon Foster
|
0-0: Called Strike 0-1: Called Strike 0-2: Ball 1-2: Strikes out looking
|
Top of the 3rd over - 0 run(s), 0 hit(s), 0 error(s), 0 left on base; Illinois 0 - Utah 0 |
BOTTOM OF THE 3RD |
Utah Utes batting - Pitching for Illinois Fighting Illini : RHP Leonard Clements
|
Batting: RHB José Ayala
|
0-0: Called Strike 0-1: Ground out 5-3 (Groundball, 5)
|
Batting: RHB Kevin Hernández
|
0-0: Ball 1-0: Called Strike 1-1: DOUBLE (Line Drive, 78XD)
|
Batting: SHB Josh Conner
|
0-0: 2-RUN HOME RUN (Flyball, 89XD), Distance : 427 ft
|
Batting: RHB Steve Welch
|
0-0: Called Strike 0-1: Ball 1-1: Reached via error on a dropped throw, E3
|
Batting: LHB Robby Bland
|
0-0: Ball 1-0: SINGLE (Line Drive, 8RS) Steve Welch to second
|
Batting: SHB John May
|
0-0: Called Strike 0-1: Called Strike 0-2: Ball 1-2: Ball 2-2: Ball 3-2: Strikes out swinging Robby Bland is caught stealing 2nd base Batter strikes out.
|
Bottom of the 3rd over - 2 run(s), 3 hit(s), 1 error(s), 1 left on base; Illinois 0 - Utah 2 |
TOP OF THE 4TH |
Illinois Fighting Illini batting - Pitching for Utah Utes : RHP Ramón Caro
|
Batting: RHB Chris Carr
|
0-0: Fly out, F7 (Flyball, 78S)
|
Batting: RHB Fernando Núñez
|
0-0: Ball 1-0: Fly out, F8 (Flyball, 8LM)
|
Batting: RHB Jesús Vélez
|
0-0: Called Strike 0-1: Called Strike 0-2: Strikes out swinging
|
Top of the 4th over - 0 run(s), 0 hit(s), 0 error(s), 0 left on base; Illinois 0 - Utah 2 |
BOTTOM OF THE 4TH |
Utah Utes batting - Pitching for Illinois Fighting Illini : RHP Leonard Clements
|
Batting: RHB Randy Banks
|
0-0: Ball 1-0: Fly out, F8 (Flyball, 8RM)
|
Batting: RHB Anthony O'Bryan
|
0-0: Called Strike 0-1: Ground out 6-3 (Groundball, 6S)
|
Batting: SHB Carlos Mesa
|
0-0: Ball 1-0: Foul Ball, location: 2F 1-1: Swinging Strike 1-2: Strikes out looking
|
Bottom of the 4th over - 0 run(s), 0 hit(s), 0 error(s), 0 left on base; Illinois 0 - Utah 2 |
TOP OF THE 5TH |
Illinois Fighting Illini batting - Pitching for Utah Utes : RHP Ramón Caro
|
Batting: RHB Weldon Lott
|
0-0: Foul Ball, location: 2F 0-1: Ball 1-1: Called Strike 1-2: Strikes out swinging
|
Batting: RHB Harold Allen
|
0-0: SINGLE (Line Drive, 89S)
|
Batting: RHB Rod Damerell
|
0-0: Foul Ball, location: 2F 0-1: Foul Ball, location: 2F 0-2: Ground out 6-3 (Groundball, 6S) Harold Allen to second
|
Batting: RHB Robert Lancaster
|
0-0: Called Strike 0-1: Swinging Strike 0-2: Strikes out swinging
|
Top of the 5th over - 0 run(s), 1 hit(s), 0 error(s), 1 left on base; Illinois 0 - Utah 2 |
BOTTOM OF THE 5TH |
Utah Utes batting - Pitching for Illinois Fighting Illini : RHP Leonard Clements
|
Batting: RHB José Ayala
|
0-0: Called Strike 0-1: Single, Error in OF, E9, batter to second base
|
Batting: RHB Kevin Hernández
|
0-0: Intentional Walk
|
Batting: SHB Josh Conner
|
0-0: Fielders Choice at 2nd, 5-4 (Groundball, 56) José Ayala to third
|
Batting: RHB Steve Welch
|
0-0: Called Strike 0-1: Ball 1-1: Foul Ball, location: 2F 1-2: Ball 2-2: Ball 3-2: Strikes out looking
|
Batting: LHB Robby Bland
|
0-0: Ball 1-0: Called Strike 1-1: Ground out 4-3 (Groundball, 34)
|
Bottom of the 5th over - 0 run(s), 1 hit(s), 1 error(s), 2 left on base; Illinois 0 - Utah 2 |
TOP OF THE 6TH |
Illinois Fighting Illini batting - Pitching for Utah Utes : RHP Ramón Caro
|
Batting: SHB Robbie Robertson
|
0-0: Ball 1-0: Ball 2-0: Foul Ball, location: 2F 2-1: Ball 3-1: Base on Balls
|
Batting: RHB Jon Foster
|
0-0: Called Strike 0-1: SINGLE (Line Drive, 6MD) Robbie Robertson to second
|
Batting: RHB Chris Carr
|
0-0: Foul Ball, location: 2F 0-1: Fly out, F4 (Line Drive, 4M)
|
Batting: RHB Fernando Núñez
|
0-0: Called Strike 0-1: Foul Ball, location: 2F 0-2: Foul Ball, location: 2F 0-2: Ball 1-2: Foul Ball, location: 2F 1-2: Foul Ball, location: 2F 1-2: Ball 2-2: Ball 3-2: SINGLE (Line Drive, 7LS) Robbie Robertson to third Jon Foster to second
|
Batting: RHB Jesús Vélez
|
0-0: Ball 1-0: Ball 2-0: Ball 3-0: Called Strike 3-1: Called Strike 3-2: Base on Balls Robbie Robertson scores Jon Foster to third Fernando Núñez to second
|
Batting: RHB Weldon Lott
|
0-0: Called Strike 0-1: Ball 1-1: Swinging Strike 1-2: Fly out, F8 (Flyball, 8LD) Runner from 3rd tags up, SCORES, no throw Fernando Núñez to third
|
Batting: RHB Harold Allen
|
0-0: Ball 1-0: Foul Ball, location: 2F 1-1: Swinging Strike 1-2: Foul Ball, location: 2F 1-2: Fly out, F7 (Line Drive, 78M)
|
Top of the 6th over - 2 run(s), 2 hit(s), 0 error(s), 2 left on base; Illinois 2 - Utah 2 |
BOTTOM OF THE 6TH |
Utah Utes batting - Pitching for Illinois Fighting Illini : RHP Leonard Clements
|
Batting: SHB John May
|
0-0: SINGLE (Line Drive, 9LM)
|
Batting: RHB Randy Banks
|
0-0: Ball 1-0: Swinging Strike 1-1: Foul Ball, location: 2F 1-2: Ball 2-2: Strikes out swinging
|
Batting: RHB Anthony O'Bryan
|
0-0: Ball 1-0: Called Strike 1-1: Grounds into double play, 6-4-3 (Groundball, 6M)
|
Bottom of the 6th over - 0 run(s), 1 hit(s), 0 error(s), 0 left on base; Illinois 2 - Utah 2 |
TOP OF THE 7TH |
Illinois Fighting Illini batting - Pitching for Utah Utes : RHP Ramón Caro
|
Batting: RHB Rod Damerell
|
0-0: Swinging Strike 0-1: Ground out 5-3 (Groundball, 56S)
|
Pitching: RHP Stanley Benson
|
|
Batting: RHB Robert Lancaster
|
0-0: Swinging Strike 0-1: Foul Ball, location: 2F 0-2: Ball 1-2: Foul Ball, location: 2F 1-2: Foul Ball, location: 2F 1-2: Ball 2-2: Ball 3-2: Base on Balls
|
Batting: SHB Robbie Robertson
|
0-0: Called Strike 0-1: Ball 1-1: Ball 2-1: Called Strike 2-2: Foul Ball, location: 2F 2-2: Strikes out looking
|
Batting: RHB Jon Foster
|
0-0: Ball Robert Lancaster steals 2nd base 1-0: Ball 2-0: Called Strike 2-1: Foul Ball, location: 2F 2-2: Strikes out swinging
|
Top of the 7th over - 0 run(s), 0 hit(s), 0 error(s), 1 left on base; Illinois 2 - Utah 2 |
BOTTOM OF THE 7TH |
Utah Utes batting - Pitching for Illinois Fighting Illini : RHP Leonard Clements
|
Batting: SHB Carlos Mesa
|
0-0: Ball 1-0: Called Strike 1-1: SINGLE (Groundball, 4MD)
|
Pinch Hitting: RHB Rafael Cardenas
|
0-0: Ball 1-0: Sac Bunt - play at first, batter OUT! 5-4 Carlos Mesa to second
|
Batting: RHB Kevin Hernández
|
0-0: Intentional Walk
|
Batting: SHB Josh Conner
|
0-0: Foul Ball, location: 2F 0-1: Ball 1-1: Ball 2-1: Foul Ball, location: 2F 2-2: Fly out, F7 (Flyball, 7D) Runner from 2nd tags up, SAFE at 3rd, no throw
|
Pitching: RHP Jerry Norman
|
|
Pinch Hitting: LHB Thad Green
|
0-0: Called Strike 0-1: Ball 1-1: Called Strike 1-2: DOUBLE (Line Drive, 8LM) Carlos Mesa scores Kevin Hernández to third Runner from 3rd tries for Home, throw and OUT!
|
Bottom of the 7th over - 1 run(s), 2 hit(s), 0 error(s), 1 left on base; Illinois 2 - Utah 3 |
TOP OF THE 8TH |
Illinois Fighting Illini batting - Pitching for Utah Utes : RHP Stanley Benson
|
Now at C: Jeff Mann
|
|
Now in LF: Rafael Cardenas
|
|
Now in RF: Thad Green
|
|
Batting: RHB Chris Carr
|
0-0: Called Strike 0-1: Foul Ball, location: 2F 0-2: Ball 1-2: Ball 2-2: Fly out, F8 (Flyball, 8RS)
|
Batting: RHB Fernando Núñez
|
0-0: Ball 1-0: Ball 2-0: Foul Ball, location: 2F 2-1: Ball 3-1: Foul Ball, location: 2F 3-2: Base on Balls
|
Batting: RHB Jesús Vélez
|
0-0: Swinging Strike 0-1: Called Strike 0-2: Ball 1-2: Strikes out swinging
|
Batting: RHB Weldon Lott
|
0-0: Called Strike 0-1: Ball 1-1: SINGLE (Line Drive, 8LS) Fernando Núñez to second
|
Batting: RHB Harold Allen
|
0-0: Called Strike 0-1: Called Strike 0-2: Ball 1-2: Ball 2-2: Fly out, F6 (Popup, 6MS)
|
Top of the 8th over - 0 run(s), 1 hit(s), 0 error(s), 2 left on base; Illinois 2 - Utah 3 |
BOTTOM OF THE 8TH |
Utah Utes batting - Pitching for Illinois Fighting Illini : RHP Jerry Norman
|
Batting: LHB Robby Bland
|
0-0: Foul Ball, location: 2F 0-1: Ball 1-1: Ball 2-1: Ball 3-1: Base on Balls
|
Batting: SHB John May
|
0-0: Ball 1-0: Foul Ball, location: 2F 1-1: Foul Ball, location: 2F 1-2: Ball 2-2: Ball 3-2: SINGLE (Flyball, 78S) Robby Bland to second
|
Batting: RHB Randy Banks
|
0-0: Foul Ball, location: 2F 0-1: Ball 1-1: Foul Ball, location: 2F 1-2: Grounds into double play, 5-4-3 (Groundball, 56) Robby Bland to third
|
Batting: RHB Anthony O'Bryan
|
0-0: Called Strike 0-1: Ball 1-1: Ball 2-1: Ball Wild Pitch! Robby Bland scores 3-1: Base on Balls
|
Batting: SHB Carlos Mesa
|
0-0: Foul Ball, location: 2F 0-1: Swinging Strike 0-2: Ball 1-2: Foul Ball, location: 2F 1-2: Fielders Choice at 2nd, 4-6 (Groundball, 4)
|
Bottom of the 8th over - 1 run(s), 1 hit(s), 0 error(s), 0 left on base; Illinois 2 - Utah 4 |
TOP OF THE 9TH |
Illinois Fighting Illini batting - Pitching for Utah Utes : RHP Stanley Benson
|
Pitching: RHP Timothy Díaz
|
|
Batting: RHB Rod Damerell
|
0-0: Called Strike 0-1: SOLO HOME RUN (Flyball, 7D), Distance : 413 ft
|
Batting: RHB Robert Lancaster
|
0-0: Ball 1-0: Called Strike 1-1: Ball 2-1: Called Strike 2-2: Foul Ball, location: 2F 2-2: Strikes out swinging
|
Batting: SHB Robbie Robertson
|
0-0: Ball 1-0: Foul Ball, location: 2F 1-1: Called Strike 1-2: Strikes out swinging
|
Batting: RHB Jon Foster
|
0-0: Ball 1-0: Ball 2-0: Fly out, F4 (Popup, 4)
|
Top of the 9th over - 1 run(s), 1 hit(s), 0 error(s), 0 left on base; Illinois 3 - Utah 4 |
|